 Dungeon Crawl Stone Soup version 0.31-a0-672-g7da72447bb (webtiles) character file.

Game seed: 11485228747175723620

34 pokeman the Magician (level 3, 0/20 HPs)
             Began as a Deep Elf Hedge Wizard on Sept 4, 2023.
             Slain by a goblin
             ... wielding a +0 club
             ... led by Robin
              (3 damage)
             ... on level 1 of the Dungeon.
             The game lasted 00:02:04 (1475 turns).

pokeman the Magician (Deep Elf Hedge Wizard)        Turns: 1475, Time: 00:02:05

Health: 0/20       AC:  2    Str:  7    XL:     3   Next: 14%
Magic:  9/11       EV: 12    Int: 20    God:
Gold:   16         SH:  0    Dex: 14    Spells: 4/12 levels left

rFire   . . .        k - +2 sling (freeze)
rCold   . . .        (no shield)
rNeg    . . .        b - +0 robe
rPois   .            c - +0 hat
rElec   .            (no cloak)
rCorr   .            (no gloves)
SInv    .            (no boots)
Will    .....        (no amulet)
Stlth   ++           (no ring)
HPRegen 0.23/turn    (no ring)
MPRegen 0.12/turn

%: no passive effects
@: no status effects
A: no striking features
a: no special abilities


You were on level 1 of the Dungeon.
You visited 1 branch of the dungeon, and saw 2 of its levels.

You collected 16 gold pieces.

Inventory:

Hand Weapons
 k - a +2 sling of freezing (weapon)
Armour
 b - a +0 robe (worn)
 c - a +0 hat (worn)
Scrolls
 e - 3 scrolls of identify {unknown}
 f - a scroll of silence {unknown}
 g - a scroll of torment {unknown}
 h - a scroll of immolation {unknown}
 j - a scroll of vulnerability {unknown}
Potions
 d - a potion of magic
 i - a potion of curing {unknown}


   Skills:
 + Level 0.8 Fighting
 + Level 0.8 Armour
 - Level 2.4 Dodging
 - Level 2.4 Stealth
 * Level 5.1 Spellcasting
 + Level 1.8 Conjurations
 - Level 1.1 Summonings
 - Level 1.1 Translocations


You had 4 spell levels left.
You knew the following spells:

 Your Spells              Type           Power      Damage    Failure   Level
a - Magic Dart            Conj           48%        1d5       5%          1
b - Mephitic Cloud        Conj/Pois/Air  7%         N/A       26%         3
c - Call Imp              Summ           18%        N/A       11%         2
d - Blink                 Tloc           18%        N/A       11%         2

Your spell library contained the following spells:

 Spells                   Type           Power      Damage    Failure   Level
 Shock                    Conj/Air       32%        1d5       8%          1
 Slow                     Hex            20%        N/A       12%         1
 Cigotuvi's Dreadful Rot  Necr/Pois/Air  10%        N/A       17%         2
 Scorch                   Fire           10%        2d5       17%         2
 Swiftness                Air            5%         N/A       34%         3
 Flame Wave               Conj/Fire      8%         2d5       61%         4
 Airstrike                Air            2%         2d(1-17)  75%         4
 Summon Cactus Giant      Summ           4%         N/A       100%        6


Dungeon Overview and Level Annotations

Branches:
Dungeon (2/15)

Altars:

Annotations:
D:2 Robin


Message History

The goblin hits you with a +0 club. The goblin misses you.
The goblin shouts!
There is a stone staircase leading up here.
Fire: k) +2 sling (freeze)
Press: ? - help, Q - select action, (/) - cycle Shift-Dir - straight line, f - goblin
Aim: a goblin, wielding a +0 club (50% to hit)
You shoot a sling bullet.
The sling bullet closely misses the goblin.
The sling bullet closely misses the goblin.
The sling bullet hits the goblin.
The sling bullet freezes the goblin.
You kill the goblin!
The goblin shoots a sling bullet.
The sling bullet misses you. The goblin barely misses you.
Robin roars a battlecry!
The goblins go into a battle-frenzy!
Unknown command.
The goblin hits you with a +0 club. x2; The goblin hits you but does no damage.
You climb upwards.
There is a stone staircase leading down here.
Unknown command.
Unknown command.
Casting: Magic Dart (safe; 5% risk of failure)
Confirm with . or Enter, or press ? or * to list all spells.
Aiming: Magic Dart (safe; 5% risk of failure)
Press: ? - help, Shift-Dir - straight line, f - goblin
Aim: a goblin, wielding a +0 club (strong, 100% to hit)
The magic dart hits the goblin.
You kill the goblin!
The goblin closely misses you. The goblin hits you with a +0 club.
* * * LOW HITPOINT WARNING * * *
Casting: Magic Dart (safe; 5% risk of failure)
Confirm with . or Enter, or press ? or * to list all spells.
Aiming: Magic Dart (safe; 5% risk of failure)
Press: ? - help, Shift-Dir - straight line, f - goblin
Aim: a goblin, wielding a +0 club (strong, 100% to hit)
The magic dart hits the goblin.
The goblin is moderately wounded.
The goblin hits you with a +0 club.
You die...

.#⌠...⌠#......#......###.#...####
.#..<..#......#......##..........
.#.....#......#......##..........
##..>..#......#...####...........
##⌠...⌠#......#...####...........
#.######..........##.............
.########........................
#.##[...........).....#..........
#.#..##.........@......#+######..
##...##...####.g.g...............
####......# #....................
# ######## #....................
# ####.................... #
#.......................
#.......................
#........#..............
#........#.......)......


You could see 2 goblins.

Vanquished Creatures
  3 ball pythons (D:1)
  An endoplasm (D:2)
  6 goblins
  4 hobgoblins
  2 jackals (D:1)
  3 quokkas (D:1)
  A bat (D:1)
  5 frilled lizards (D:1)
  2 kobolds (D:1)
  4 rats
31 creatures vanquished.

Notes
Turn   | Place    | Note
-------+----------+-------------------------------------------
     0 | D:1      | pokeman the Deep Elf Hedge Wizard began the quest for the
                  | Orb.
     0 | D:1      | Reached XP level 1. HP: 10/10 MP: 7/7
   278 | D:1      | Reached XP level 2. HP: 16/16 MP: 5/9
   453 | D:1      | Found a faded altar of an unknown god.
   975 | D:1      | Reached skill level 5 in Spellcasting
  1333 | D:2      | Noticed Robin
  1337 | D:2      | Reached XP level 3. HP: 20/20 MP: 8/11
  1343 | D:1      | Learned a level 3 spell: Mephitic Cloud
  1346 | D:1      | Learned a level 2 spell: Call Imp
  1349 | D:1      | Learned a level 2 spell: Blink
  1475 | D:1      | Slain by a goblin

Illustrated notes

Levels and vault maps discovered:
D:1:      amcnicky_arrival_gap_in_the_tavern_cellar, layout_basic,
          ebering_ecumenical_altar_petrified, minmay_lizard_pond
D:2:      minmay_recursive_quarters, layout_loops_corners, serial_shops, shop,
          hangedman_decor_points, uniq_robin

Skill      XL: |  1  2 |
---------------+-------+-----
Spellcasting   | 5 |  5.1
Fighting       | |  0.8
Armour         | |  0.8
Dodging        | |  2.4
Stealth        | |  2.4
Conjurations   | |  1.8
Summonings     | |  1.1
Translocations | |  1.1

Action                     || total
---------------------------++-------
  Melee: Dagger            ||     4
   Fire: Sling             ||     1
   Cast: Magic Dart        ||    78
         Mephitic Cloud    ||     2
         Blink             ||     1
 Armour: Robe              ||    16
  Dodge: Dodged            ||    13

Table legend: (Time is in decaauts)
 A = Elapsed time spent in this place.
 B = Non-inter-level travel time spent in this place.
 C = Inter-level travel time spent in this place.
 D = Time resting spent in this place.
 E = Time spent auto-exploring this place.
 F = Levels seen in this place.
 G = Mean time per level.
                   A        B        C        D        E       F      G
               +--------+--------+--------+--------+--------+-----+--------+
         Total |   1477 |   1410 |     67 |     69 |   1177 |   2 |  738.5 |
       Dungeon |   1477 |   1410 |     67 |     69 |   1177 |   2 |  738.5 |
               +--------+--------+--------+--------+--------+-----+--------+

Top non-repeatable levels by time:
     D:1: 1301 daAuts
     D:2: 176 daAuts
